 Dungeon Crawl Stone Soup version 0.23.1 (webtiles) character file.

Game seed: 7252045217640393856

2582 Borgoz the Sneak (level 9, -4/71 (74) HPs)
             Began as a Ghoul Enchanter on Mar 3, 2019.
             Was a Follower of Ashenzari.
             Slain by a seven-headed hydra (10 damage)
             ... on level 8 of the Dungeon.
             The game lasted 00:22:56 (11171 turns).

Borgoz the Sneak (Ghoul Enchanter)                 Turns: 11171, Time: 00:22:57

HP:   -4/71 (74)    AC:  9    Str: 12    XL:     9   Next: 58%
MP:   12/13         EV: 13    Int: 11    God:    Ashenzari [*.....]
Gold: 483           SH:  5    Dex: 11    Spells: 8/15 levels left

rFire    . . .     SeeInvis .   F - +0 rapier
rCold    + . .     Gourm    .   (no shield)
rNeg     + + +     Faith    .   x - +0 leather armour
rPois    ∞         Spirit   .   f - +2 helmet
rElec    .         Reflect  +   G - +0 cloak (curse)
rCorr    .         Harm     .   (no gloves)
MR       +....                  z - +0 pair of boots (curse)
Stlth    +++.......             m - +5 amulet of reflection
HPRegen  0.00/turn              q - ring of protection from magic
MPRegen  0.13/turn              k - ring of wizardry (curse)

@: confusing touch, rotting
A: rotting body, claws 1, carnivore, cold resistance 1, negative energy
resistance 3, inhibited regeneration, torment resistance, unbreathing
a: Curse Item, Scrying, Renounce Religion


You were on level 8 of the Dungeon.
You worshipped Ashenzari.
Ashenzari was aware of your devotion.
You were not hungry.

You visited 2 branches of the dungeon, and saw 10 of its levels.

You collected 483 gold pieces.

Inventory:

Hand Weapons
 A - a +0 blowgun
 F - a +0 rapier (weapon)
Missiles
 p - 17 tomahawks (quivered)
 s - a throwing net
 u - 29 poisoned needles
Armour
 c - a +0 chain mail of cold resistance
 f - a +2 helmet (worn)
 o - a +1 ring mail of cold resistance
 x - a +0 leather armour (worn)
 z - a cursed +0 pair of boots (worn)
 G - a cursed +0 cloak (worn)
Jewellery
 g - an uncursed ring of see invisible
 k - a cursed ring of wizardry (right claw)
 m - a +5 amulet of reflection (around neck)
 q - a ring of protection from magic (left claw)
 y - a +3 ring of evasion
Wands
 e - a wand of polymorph (4)
 n - a wand of acid (3)
 r - a wand of flame (18)
Scrolls
 b - 2 scrolls of teleportation
 i - 3 scrolls of enchant armour
 l - 2 scrolls of fog
 w - a scroll of enchant weapon
 B - 2 scrolls of silence
 D - 2 scrolls of identify
 E - 7 scrolls of remove curse
Potions
 a - a potion of invisibility
 h - 5 potions of agility
 j - 2 potions of haste
 t - a potion of flight
 v - a potion of resistance {unknown}
 C - a potion of cancellation
 H - 3 potions of curing
Comestibles
 d - 11 rations


   Skills:
 * Level 5.5 Fighting
 * Level 4.9 Short Blades
 + Level 2.3 Throwing
 + Level 4.0 Armour
 * Level 5.1 Dodging
 + Level 5.5 Stealth
 + Level 3.6 Spellcasting
 + Level 4.0 Hexes


You had 8 spell levels left.
You knew the following spells:

 Your Spells              Type           Power        Failure   Level  Hunger
a - Corona                Hex            ##.....      2%          1    #......
b - Ensorcelled Hibernat  Hex/Ice        #.....       9%          2    ##.....
c - Confuse               Hex            ##......     8%          3    ###....
d - Confusing Touch       Hex            ##....       2%          1    #......

Your spell library contained the following spells:

 Spells                   Type           Power        Failure   Level  Hunger
 Tukima's Dance           Hex            ##......     8%          3    ###....
 Dazzling Spray           Conj/Hex       #.....       16%         3    ###....
 Gell's Gravitas          Tloc           #.........   34%         3    ###....
 Petrify                  Tmut/Erth      #.......     75%         4    #####..
 Metabolic Englaciation   Hex/Ice        #.........   80%         5    ######.
 Yara's Violent Unravell  Hex/Tmut       #.........   80%         5    ######.


Dungeon Overview and Level Annotations

Branches:
Dungeon (9/15)             Temple (1/1) D:5            Lair (0/6) D:9
    Orc: D:9-12

Altars:
Ashenzari
Cheibriados
Dithmenos
Elyvilon
Fedhas
Gozag
Hepliaklqana
Kikubaaqudgha
Makhleb
Nemelex Xobeh
Okawaru
Qazlal
Ru
Sif Muna
Trog
Uskayaw
Vehumet
Wu Jian
Yredelemnul
Zin
The Shining One

Annotations:
D:5 3 runed translucent doors, ABBCCCDDDD's ghost, amateur HOWn; SeriousVitamin's ghost, amateur DESu; darxusza's ghost, novice MfIE
D:6 3 runed translucent doors, nuthulu's ghost, novice OgBe


Innate Abilities, Weirdness & Mutations

Your body is rotting away.
You thrive on raw meat.
You are immune to poison.
You have sharp fingernails.
You are carnivorous and can eat meat at any time.
Your flesh is cold resistant. (rC+)
You are immune to negative energy. (rN+++)
You do not regenerate when monsters are visible.
You are immune to unholy pain and torment.
You can survive without breathing.


Message History

The seven-headed hydra bites you but does no damage. x3
The seven-headed hydra closely misses you.
The seven-headed hydra bites you!
The seven-headed hydra bites you but does no damage.
The seven-headed hydra barely misses you.
You barely miss the seven-headed hydra.
The seven-headed hydra closely misses you. x2
The seven-headed hydra bites you.
* * * LOW HITPOINT WARNING * * *
The seven-headed hydra barely misses you.
The seven-headed hydra closely misses you.
You block the seven-headed hydra's attack.
The seven-headed hydra closely misses you.
You hit the seven-headed hydra but do no damage.
The seven-headed hydra bites you but does no damage.
The seven-headed hydra barely misses you.
The seven-headed hydra bites you!
* * * LOW HITPOINT WARNING * * *
The seven-headed hydra bites you!
You die...

...#...#......##.##.##.#.........
..##...##.####.#.#.###....####.#.
#.#..≈..#.# ##...## ####......#.
#.#.≈≈≈.#.# ##.## ########.
#.#.≈≈≈.#.# #.# #. #.#.≈≈≈.#.#
##.## ####. ..#..≈..#.## ##...##
#....
..##)..##..###.....##.....###.###
...#####.......(@................
...........#....D.###......##.#.#
##....######.#..#.# .....##.#.#
##...## #.#..#.# ####.##...#
.....# #.#..#.# #.##.#.# ##...#
#.##.#.# ######.##.#.# ##...#
#.##.#.# #.......>.... .....#
#......###.##..<.....# .##.##
####.####.....##.#####


You could see a seven-headed hydra.

Vanquished Creatures
  Grinder (D:4)
  Sigmund (D:2)
  A hungry ghost (D:7)
  2 phantoms
  A sky beast (D:8)
  A black bear (D:4)
  2 ogres
  A crocodile (D:8)
  A centaur (D:5)
  Blork the orc (D:6)
  3 bullfrogs
  A wyvern zombie (D:7)
  A water moccasin skeleton (D:8)
  An electric eel (D:7)
  3 crimson imps
  A bullfrog zombie (D:9)
  4 hounds
  7 orc wizards
  3 orc priests
  Natasha (thrice) (D:2)
  4 worker ants
  2 hound zombies
  A worker ant zombie (D:5)
  4 gnolls (D:6)
  A howler monkey skeleton (D:4)
  8 adders
  2 shadow imps
  A white imp (D:8)
  2 oozes
  An adder skeleton (D:4)
  2 worms
  4 dart slugs
  8 leopard geckos
  22 orcs
  A ball python (D:1)
  6 giant cockroaches
  10 goblins
  8 hobgoblins
  4 jackals (D:7)
  4 kobolds
  5 quokkas
  6 bats
  5 frilled lizards
  2 jackal skeletons (D:5)
  A jackal zombie (D:6)
  10 rats
163 creatures vanquished.

Vanquished Creatures (others)
  A fungus (D:5)
  4 plants (D:5)
  3 withered plants (D:5)
8 creatures vanquished.

Grand Total: 171 creatures vanquished

Notes
Turn   | Place    | Note
-------+----------+-------------------------------------------
     0 | D:1      | Borgoz the Ghoul Enchanter began the quest for the Orb.
     0 | D:1      | Reached XP level 1. HP: 14/14 MP: 2/2
   149 | D:1      | Reached skill level 1 in Short Blades
   149 | D:1      | Reached XP level 2. HP: 6/22 MP: 3/3
   487 | D:1      | Reached skill level 1 in Fighting
   487 | D:1      | Reached XP level 3. HP: 19/28 MP: 5/5
   793 | D:2      | Found a faded altar of an unknown god.
  1214 | D:2      | Noticed Sigmund
  1240 | D:2      | Killed Sigmund
  1240 | D:2      | Reached skill level 1 in Armour
  1240 | D:2      | Reached XP level 4. HP: 36/36 MP: 2/6
  1240 | D:2      | Reached XP level 5. HP: 41/41 MP: 2/7
  1289 | D:2      | Learned a level 2 spell: Ensorcelled Hibernation
  1293 | D:2      | Learned a level 3 spell: Confuse
  1295 | D:2      | Learned a level 1 spell: Confusing Touch
  1407 | D:2      | Noticed Natasha
  1426 | D:2      | Killed Natasha
  1426 | D:2      | Reached XP level 6. HP: 5/48 MP: 6/8
  1677 | D:2      | Found a deep blue altar of Sif Muna.
  1817 | D:2      | Noticed Natasha
  1846 | D:2      | Killed Natasha
  2187 | D:2      | Noticed Natasha
  2195 | D:2      | Killed Natasha
  2551 | D:3      | Found an iron altar of Okawaru.
  2822 | D:3      | Found an iron altar of Okawaru.
  3466 | D:4      | Noticed a black bear
  3510 | D:4      | Reached XP level 7. HP: 28/56 MP: 7/9
  3573 | D:4      | Noticed Grinder
  3574 | D:4      | Paralysed by Grinder for 2 turns
  3650 | D:5      | Entered Level 5 of the Dungeon
  3927 | D:5      | Found a staircase to the Ecumenical Temple.
  3933 | Temple   | Entered the Ecumenical Temple
  4097 | Temple   | Became a worshipper of Ashenzari the Shackled
  5129 | D:4      | Killed Grinder
  5129 | D:4      | Reached XP level 8. HP: 42/66 MP: 9/11
  5873 | D:5      | Reached skill level 1 in Throwing
  5874 | D:5      | Found a snail-covered altar of Cheibriados.
  5984 | D:5      | Found a runed translucent gate.
  5986 | D:5      | Found a runed translucent gate.
  5986 | D:5      | Found a runed translucent gate.
  5987 | D:5      | Noticed SeriousVitamin's ghost (amateur DESu)
  5987 | D:5      | Noticed darxusza's ghost (novice MfIE)
  5988 | D:5      | Noticed ABBCCCDDDD's ghost (amateur HOWn)
  6156 | D:5      | Found a shattered altar of Ashenzari.
  6160 | D:5      | Saw a vision of the Swamp and the Snake Pit.
  6160 | D:5      | Noticed an alligator
  6160 | D:5      | Noticed an alligator
  6160 | D:5      | Noticed an alligator
  6160 | D:5      | Noticed a naga warrior
  6160 | D:5      | Noticed a mana viper
  6160 | D:5      | Noticed a black mamba
  6160 | D:5      | Noticed a shock serpent
  6160 | D:5      | Noticed a mana viper
  6160 | D:5      | Noticed a black mamba
  6160 | D:5      | Noticed a naga ritualist
  6161 | D:5      | Noticed a mana viper
  6162 | D:5      | Noticed an alligator
  6688 | D:5      | Found an opulent altar of Gozag.
  7104 | D:6      | Reached * piety under Ashenzari
  7258 | D:6      | Found a shadowy altar of Dithmenos.
  7948 | D:6      | Noticed Blork the orc
  7968 | D:6      | Killed Blork the orc
  8092 | D:6      | Found a runed translucent gate.
  8092 | D:6      | Found a runed translucent gate.
  8092 | D:6      | Found a runed translucent gate.
  8094 | D:6      | Noticed nuthulu's ghost (novice OgBe)
  8109 | D:6      | Reached skill level 5 in Stealth
  8802 | D:8      | Reached XP level 9. HP: 53/71 MP: 12/12
  9063 | D:8      | Found a deep blue altar of Sif Muna.
  9100 | D:8      | Noticed a seven-headed hydra
  9266 | D:9      | Reached skill level 5 in Fighting
  9422 | D:9      | Found a staircase to the Lair.
  9422 | D:9      | Noticed an elephant
  9919 | D:7      | Reached skill level 5 in Dodging
 10555 | D:7      | Found a burning altar of Makhleb.
 11171 | D:8      | Slain by a seven-headed hydra

Skill      XL: |  1  2  3  4  5  6  7  8  9 |
---------------+----------------------------+-----
Short Blades   | 1 2 3 4 |  4.9
Spellcasting   | 2 3 |  3.6
Dodging        | 2 3 4 5 |  5.1
Fighting       | 1 2 3 4 5 |  5.5
Armour         | 1 2 3 4 |  4.0
Hexes          | 3 4 |  4.0
Stealth        | 4 5 |  5.5
Throwing       | 1 2 |  2.3

Action                   |  1- 3 |  4- 6 |  7- 9 || total
-------------------------+-------+-------+-------++-------
Melee: Dagger            |   139 |   306 |   344 ||   789
       Rapier            |       |       |   324 ||   324
 Cast: Corona            |     4 |       |     1 ||     5
       Confusing Touch   |       |    20 |    60 ||    80
Invok: Curse Item        |       |       |     1 ||     1
  Use: Potion            |     4 |     6 |     2 ||    12
       Scroll            |       |     2 |    12 ||    14
 Stab: Sleeping          |     9 |     3 |    13 ||    25
       Invisible         |     2 |     4 |     1 ||     7
       Confused          |       |    11 |    46 ||    57
  Eat: Chunk             |    12 |    15 |    37 ||    64
Armor: Robe              |    18 |    27 |    50 ||    95
       Leather armour    |       |       |   111 ||   111
Dodge: Dodged            |    85 |   150 |   360 ||   595
Block: Other             |       |    54 |   130 ||   184
       Reflection        |       |       |     1 ||     1
